 Dungeon Crawl Stone Soup version 0.23.2-1-ga50397a6bc (webtiles) character file.

Game seed: 3030821597021146998

238 MisterOstroum the Poker (level 6, -1/51 HPs)
             Began as a Merfolk Skald on May 21, 2019.
             Slain by an orc
             ... wielding a +0 mace
              (10 damage)
             ... on level 4 of the Dungeon.
             The game lasted 00:05:23 (3399 turns).

MisterOstroum the Poker (Merfolk Skald)             Turns: 3399, Time: 00:05:24

Health: -1/51      AC:  4    Str: 14    XL:     6   Next: 7%
Magic:  1/9        EV: 12    Int: 12    God:
Gold:   147        SH:  0    Dex: 13    Spells: 1/9 levels left

rFire    . . .     SeeInvis .   u - +0 trident
rCold    . . .     Gourm    .   (no shield)
rNeg     . . .     Faith    .   b - +0 leather armour
rPois    .         Spirit   .   (no helmet)
rElec    .         Reflect  .   (no cloak)
rCorr    .         Harm     .   p - +0 pair of gloves
MR       +....                  (no boots)
Stlth    +.........             j - amulet of rage
HPRegen  0.17/turn              v - ring of protection from magic
MPRegen  0.11/turn              (no ring)

@: lethally poisoned (-1 -> -23), infused (expiring), singing (expiring)
A: change form in water, swift swim, stealthy swim
a: Evoke Berserk Rage


You were on level 4 of the Dungeon.
You were not hungry.

You visited 1 branch of the dungeon, and saw 4 of its levels.

You collected 147 gold pieces.

Inventory:

Hand Weapons
 a - a +0 spear
 u - a +0 trident (weapon)
Missiles
 k - 87 stones (quivered)
 m - 4 javelins
 o - 8 tomahawks
Armour
 b - a +0 leather armour (worn)
 p - a +0 pair of gloves (worn)
Jewellery
 j - an amulet of rage (around neck)
 v - a ring of protection from magic (left hand)
 x - a cursed amulet of inaccuracy {unknown}
Scrolls
 c - a scroll of enchant weapon {unknown}
 d - 2 scrolls of immolation {unknown}
 f - 4 scrolls of teleportation {unknown}
 g - a scroll of fog {unknown}
 q - 2 scrolls of identify {unknown}
 r - a scroll of remove curse {unknown}
 y - a scroll of fear {unknown}
Potions
 h - a potion of brilliance {unknown}
 i - 3 potions of curing {unknown}
 l - a potion of mutation {unknown}
 n - a potion of degeneration {unknown}
 s - 2 potions of heal wounds {unknown}
 w - a potion of haste {unknown}
 z - a potion of might {unknown}
 A - a potion of agility {unknown}
Comestibles
 e - 9 rations
 t - a chunk of flesh


   Skills:
 - Level 5.0 Fighting
 + Level 6.6 Polearms
 - Level 0.6 Armour
 - Level 2.6 Dodging
 - Level 2.0 Spellcasting
 - Level 3.2 Charms


You had one spell level left.
You knew the following spells:

 Your Spells              Type           Power        Failure   Level  Hunger
a - Infusion              Chrm           #...         9%          1    ##.....
b - Song of Slaying       Chrm           #.......     14%         2    ###....
c - Shroud of Golubria    Chrm/Tloc      #.........   26%         2    ###....
d - Spectral Weapon       Hex/Chrm       #.......     47%         3    ####...

Your spell library contained the following spells:

 Spells                   Type           Power        Failure   Level  Hunger
 Confusing Touch          Hex            #.....       34%         1    ##.....
 Regeneration             Chrm/Necr      #.........   47%         3    ####...
 Confuse                  Hex            #.......     71%         3    ####...
 Gell's Gravitas          Tloc           #.........   71%         3    ####...
 Petrify                  Tmut/Erth      #.......     98%         4    #####..
 Metabolic Englaciation   Hex/Ice        #.........   100%        5    ######.
 Yara's Violent Unravell  Hex/Tmut       #.........   100%        5    ######.


Dungeon Overview and Level Annotations

Branches:
Dungeon (4/15)
 Temple: D:4-7

Altars:


Message History

Confirm with . or Enter, or press ? or * to list all spells.
You begin infusing your attacks with magical energy.
The orc shouts!
An orc comes into view.
It is wielding a +0 short sword of venom.
An orc comes into view. It is wielding a +0 whip.
Casting: Infusion (safe; 9% risk of failure)
Confirm with . or Enter, or press ? or * to list all spells.
You start singing a song of slaying.
Casting: Song of Slaying (safe; 14% risk of failure)
Confirm with . or Enter, or press ? or * to list all spells.
Space distorts slightly along a thin shroud covering your body.
A hound skeleton comes into view.
The orc closely misses you.
You hit the orc!
You kill the orc!
You barely miss the hound skeleton.
Your shroud bends the hound skeleton's attack away.
You barely miss the hound skeleton. The hound skeleton closely misses you.
You hit the hound skeleton!
The hound skeleton is heavily damaged.
Your shroud bends the hound skeleton's attack away. x2
The hound skeleton barely misses you.
You puncture the hound skeleton!
You destroy the hound skeleton!
Training target 5.0 for Fighting reached!
Your Fighting skill increases to level 5!
The orc closely misses you.
Your shroud bends the orc's attack away.
The hound skeleton bites you but does no damage.
Your shroud bends the orc's attack away.
You barely miss the hound skeleton. The orc hits you with a +0 whip.
The hound skeleton bites you but does no damage.
The orc hits you but does no damage.
You hit the hound skeleton.
The hound skeleton is moderately damaged.
Your shroud begins to fray at the edges.
The orc hits you but does no damage.
You are poisoned.
Your shroud bends the hound skeleton's attack away.
The orc barely misses you. The orc hits you with a +0 mace.
You barely miss the hound skeleton.
The hound skeleton is moderately damaged.
You feel sick. The hound skeleton closely misses you.
The orc closely misses you. x2; The hound skeleton barely misses you.
The orc barely misses you.
You puncture the hound skeleton!
The hound skeleton is severely damaged.
You feel sick.
The orc hits you with a +0 short sword of venom.
Your shroud falls apart!
You are more poisoned.
The orc barely misses you. The hound skeleton misses you.
You hit the hound skeleton.
The hound skeleton is almost destroyed.
You feel sick. The orc closely misses you. x2
The orc hits you but does no damage. The hound skeleton barely misses you.
You hit the hound skeleton.
You destroy the hound skeleton!
You have reached level 6!
Your experience leads to an increase in your attributes!
Increase (S)trength, (I)ntelligence, or (D)exterity?
You feel stronger.
You feel sick. The orc misses you. The orc hits you with a +0 whip.
The orc closely misses you.
You are too injured to fight recklessly!
You are too injured to fight recklessly!
You are too injured to fight recklessly!
You are too injured to fight recklessly!
You are too injured to fight recklessly!
You are too injured to fight recklessly!
You are too injured to fight recklessly!
You are too injured to fight recklessly!
You are too injured to fight recklessly!
You are too injured to fight recklessly!
You are too injured to fight recklessly!
You are too injured to fight recklessly!
You are too injured to fight recklessly!
You are too injured to fight recklessly!
You hit the orc but do no damage.
You feel sick. The orc misses you. The orc hits you but does no damage.
The orc hits you with a +0 mace.
You hit the orc but do no damage.
Your song is almost over.
You feel sick. The orc hits you but does no damage.
You are more poisoned.
The orc completely misses you. The orc hits you but does no damage.
You hit the orc but do no damage.
You feel sick.
The orc hits you with a +0 short sword of venom.
* * * LOW HITPOINT WARNING * * *
You are more poisoned.
The orc closely misses you.
You hit the orc.
You kill the orc!
Your magical infusion is running out.
* * * LOW HITPOINT WARNING * * *
You feel sick. The orc hits you with a +0 mace.
* * * LOW HITPOINT WARNING * * *
The orc closely misses you.
You completely miss the orc.
* * * LOW HITPOINT WARNING * * *
You feel sick. The orc hits you with a +0 mace!
You die...

##.# ...#
#...##
#..#.
#...#
#...#
#o).#####
#.@o....#
#...###.#
#.#.# #.
.# .. ##
... ...
....


You could see 2 orcs.

Vanquished Creatures
  A centaur skeleton (D:3)
  2 hound skeletons (D:4)
  A worker ant zombie (D:3)
  3 gnolls (D:2)
  A howler monkey skeleton (D:3)
  5 adders
  An ooze (D:1)
  An adder skeleton (D:3)
  3 worms
  2 dart slugs (D:1)
  4 leopard geckos
  2 orcs (D:4)
  2 ball pythons
  8 bats
  2 giant cockroaches
  3 goblins
  3 hobgoblins
  4 jackals (D:2)
  4 frilled lizards
  2 jackal skeletons (D:3)
  A jackal zombie (D:3)
  10 kobolds
  A leopard gecko zombie (D:3)
  6 rats
72 creatures vanquished.

Notes
Turn   | Place    | Note
-------+----------+-------------------------------------------
     0 | D:1      | MisterOstroum the Merfolk Skald began the quest for the
                  | Orb.
     0 | D:1      | Reached XP level 1. HP: 16/16 MP: 3/3
   142 | D:1      | Reached XP level 2. HP: 5/23 MP: 0/5
   801 | D:1      | Reached skill level 4 in Polearms
   805 | D:1      | Reached XP level 3. HP: 23/29 MP: 0/6
  1455 | D:2      | Reached XP level 4. HP: 35/35 MP: 2/7
  1589 | D:2      | Reached skill level 5 in Polearms
  1682 | D:2      | Learned a level 2 spell: Song of Slaying
  1807 | D:2      | Learned a level 2 spell: Shroud of Golubria
  2062 | D:2      | Reached XP level 5. HP: 42/42 MP: 8/8
  2737 | D:3      | Learned a level 3 spell: Spectral Weapon
  2757 | D:3      | Reached skill level 6 in Polearms
  3388 | D:4      | Reached skill level 5 in Fighting
  3394 | D:4      | Reached XP level 6. HP: 31/51 MP: 0/9
  3399 | D:4      | Slain by an orc

Skill      XL: |  1  2  3  4  5 |
---------------+----------------+-----
Fighting       | 3 4 5 |  5.0
Polearms       | 4 5 6 |  6.6
Armour         | |  0.6
Dodging        | |  2.6
Spellcasting   | |  2.0
Charms         | |  3.2

Action                   |  1- 3 |  4- 6 || total
-------------------------+-------+-------++-------
Melee: Spear             |   116 |   104 ||   220
       Trident           |       |    53 ||    53
Throw: Stone             |     7 |    73 ||    80
 Cast: Infusion          |     9 |    10 ||    19
       Song of Slaying   |       |     4 ||     4
       Shroud of Golubri |       |     2 ||     2
  Eat: Chunk             |     2 |     7 ||     9
Armor: Leather armour    |    36 |    26 ||    62
Dodge: Dodged            |    73 |    86 ||   159
